 Dungeon Crawl Stone Soup version 0.17-a0-2198-g482c6e3 (webtiles) character file.

294 borcha the Poker (level 6, 0/47 HPs)
             Began as a Formicid Abyssal Knight on Oct 26, 2015.
             Was a Priest of Lugonu.
             Slain by a black bear (4 damage)
             ... on level 4 of the Dungeon.
             The game lasted 00:21:14 (3436 turns).

borcha the Poker (Formicid Abyssal Knight)          Turns: 3436, Time: 00:21:14

Health: 0/47       AC:  9    Str: 18    XL:     6   Next: 60%
Magic:  7/7        EV:  7    Int: 11    God:    Lugonu [***...]
Gold:   108        SH:  0    Dex: 11    Spells: 0 memorised, 5 levels left

rFire  . . .     SeeInvis +     a - +3 spear
rCold  . . .     Clarity  .     g - +0 chain mail
rNeg   . . .     SustAt   .     (no shield)
rPois  .         Gourm    .     (helmet unavailable)
rElec  .         Spirit   .     n - +0 cloak
rCorr  .         Warding  .     (no gloves)
rMut   .         Stasis   +     (no boots)
MR     .....                    (no amulet)
Stlth  ..........               (no ring)
                                (no ring)

@: not resistant to hostile enchantments, extremely unstealthy
A: permanent stasis, dig shafts and tunnels, four strong arms, antennae 3
a: Dig, Shaft Self, Depart the Abyss, Bend Space, Banish, Renounce Religion


You were on level 4 of the Dungeon.
You worshipped Lugonu.
Lugonu was most pleased with you.
You were near starving.

You visited 1 branch of the dungeon, and saw 4 of its levels.
You visited the Abyss 1 time.

You collected 108 gold pieces.

Inventory:

Hand Weapons
 a - a +3 spear (weapon)
 h - a +0 blowgun
Armour
 b - a +0 leather armour
 d - a +0 leather armour
 e - a +0 ring mail
 f - a +0 ring mail
 g - a +0 chain mail (worn)
 n - a +0 cloak (worn)
Scrolls
 j - a scroll of identify
 k - a scroll of fog
Potions
 i - a potion of magic
Comestibles
 c - 2 bread rations


   Skills:
 - Level 3.5 Fighting
 * Level 6.3 Polearms
 - Level 2.2 Armour
 - Level 0.8 Dodging
 - Level 2.2 Invocations


You had 5 spell levels left.
You didn't know any spells.

Dungeon Overview and Level Annotations

Branches:
Dungeon (4/15)
 Temple: D:4-7

Altars:
Gozag
Nemelex Xobeh
Ru


Innate Abilities, Weirdness & Mutations

You are under a permanent stasis effect.
You can dig through walls and to a lower floor.
Your four strong arms can wield two-handed weapons with a shield.
You have a pair of large antennae on your head (SInv).


Message History

The black bear is almost dead.
The black bear closely misses you.
The black bear claws you but does no damage.
The black bear claws you.
* * * LOW HITPOINT WARNING * * *
You hit the black bear.
The black bear is almost dead.
The black bear bites you but does no damage.
The black bear claws you but does no damage.
The black bear completely misses you.
You hit the black bear.
The black bear is almost dead.
The black bear bites you but does no damage.
The black bear claws you but does no damage.
The black bear claws you.
* * * LOW HITPOINT WARNING * * *
The black bear completely misses you. The black bear claws you.
* * * LOW HITPOINT WARNING * * *
The black bear claws you.
You die...

##...##...##+######+#.
#..⌠..##..+.........#
.......#..#.........+
..._...#..#.........#
.8...8.'..###'##....# #+####
..._...#.......###'###......
.......###.....#....#.......
#..⌠..## #...>.#....'.......
##...## +.....#@h..#..?....
##### #.....'....#.......
#.....##+####...... ###+#..
...... #... +#####


You could see a black bear (berserk).

Vanquished Creatures
  An ogre (D:4)
  Ijyb (D:2)
  Jessica (D:2)
  A worker ant (D:4)
  3 gnolls (D:3)
  3 adders
  3 oozes
  3 worms (D:2)
  6 giant geckos
  6 goblins
  4 hobgoblins
  8 kobolds
  A quokka (D:2)
  7 bats
  5 giant cockroaches
  3 giant newts
  10 rats
66 creatures vanquished.

Notes
Turn   | Place    | Note
--------------------------------------------------------------
     0 | Abyss:1  | borcha the Formicid Abyssal Knight began the quest for the Orb.
     0 | Abyss:1  | Reached XP level 1. HP: 18/18 MP: 2/2
     8 | D:1      | Escaped the Abyss
   311 | D:1      | Reached XP level 2. HP: 24/24 MP: 3/3
   442 | D:1      | Reached ** piety under Lugonu
   442 | D:1      | Reached XP level 3. HP: 29/29 MP: 4/4
  1108 | D:2      | Reached XP level 4. HP: 35/35 MP: 5/5
  1262 | D:2      | Noticed Jessica
  1280 | D:2      | Killed Jessica
  1280 | D:2      | Reached skill level 4 in Polearms
  1603 | D:2      | Found a sacrificial altar of Ru.
  1695 | D:2      | Reached XP level 5. HP: 29/41 MP: 6/6
  1696 | D:2      | Noticed Ijyb
  1713 | D:2      | Killed Ijyb
  1714 | D:2      | Found a faded altar to an unknown god.
  2245 | D:3      | Reached skill level 5 in Polearms
  2336 | D:3      | Reached *** piety under Lugonu
  2890 | D:4      | Reached XP level 6. HP: 30/47 MP: 7/7
  3163 | D:4      | Noticed an ogre
  3186 | D:4      | Killed an ogre
  3186 | D:4      | Reached skill level 6 in Polearms
  3338 | D:4      | Found an opulent altar of Gozag.
  3338 | D:4      | Found a sparkling altar of Nemelex Xobeh.
  3414 | D:4      | Noticed a black bear
  3436 | D:4      | Slain by a black bear

Vault maps used:
D:1:      minmay_arrival_stone_box, serial_bayou_lagoon_b
D:2:      hangedman_ru_absence, ecumenical_altar_2, uniq_jessica, uniq_iyjb
D:4:      grunt_temple_overflow_opulence, minmay_temple_entry_grid,
          serial_shops, shop, first_bread, minmay_bisected

Action                   |  1- 3 |  4- 6 || total
-------------------------+-------+-------++-------
Melee: Spear             |   102 |   178 ||   280
  Use: Potion            |     6 |     2 ||     8
       Scroll            |     1 |     8 ||     9
 Stab: Invisible         |       |     2 ||     2
  Eat: Bread ration      |       |     1 ||     1
       Chunk             |       |     2 ||     2
